 Dungeon Crawl Stone Soup version 0.17-a0-1882-g750edc8 (webtiles) character file.

66 Grim the Slasher (level 3, -15/26 HPs)
             Began as a High Elf Fighter on Sept 22, 2015.
             Demolished by an orc warrior
             ... wielding a +1 halberd of venom
              (25 damage)
             ... on level 3 of the Dungeon.
             The game lasted 00:03:06 (2471 turns).

Grim the Slasher (High Elf Fighter)                 Turns: 2471, Time: 00:03:06

Health: -15/26     AC:  6    Str: 20    XL:     3   Next: 96%
Magic:  4/4        EV:  7    Int: 12    God:
Gold:   94         SH:  9    Dex: 15    Spells: 0 memorised, 2 levels left

rFire  . . .     SeeInvis .     a - +0 long sword
rCold  . . .     Clarity  .     b - +0 scale mail
rNeg   . . .     SustAt   .     c - +0 shield
rPois  .         Gourm    .     (no helmet)
rElec  .         Spirit   .     (no cloak)
rCorr  .         Warding  .     (no gloves)
rMut   .         Stasis   .     (no boots)
MR     .....                    (no amulet)
Stlth  ..........               (no ring)
                                (no ring)

@: mighty, not resistant to hostile enchantments, extremely unstealthy
A: no striking features
a: no special abilities


You were on level 3 of the Dungeon.
You were not hungry.

You visited 1 branch of the dungeon, and saw 3 of its levels.

You collected 94 gold pieces.

Inventory:

Hand weapons
 a - a +0 long sword (weapon)
Armour
 b - a +0 scale mail (worn)
 c - a +0 shield (worn)
Jewellery
 m - an uncursed ring of flight {unknown}
Magical devices
 u - a wand of fire (6)
Scrolls
 f - a scroll of immolation {unknown}
 g - 2 scrolls of identify {unknown}
 j - 2 scrolls of blinking {unknown}
 k - a scroll of magic mapping {unknown}
 l - a scroll of remove curse {unknown}
 q - a scroll of amnesia {unknown}
 t - a scroll of fog {unknown}
Potions
 h - a potion of curing {unknown}
 i - 2 potions of agility {unknown}
 o - a potion of haste {unknown}
 r - a potion of flight {unknown}
 s - a potion of degeneration {unknown}
Comestibles
 e - a bread ration
 n - 2 chunks of flesh
 p - 3 beef jerkies


   Skills:
 - Level 3.0 Fighting
 + Level 5.2 Long Blades
 - Level 2.6 Armour
 - Level 2.6 Shields


You had 2 spell levels left.
You didn't know any spells.

Dungeon Overview and Level Annotations

Branches:
Dungeon (3/15)

Altars:
Fedhas
Kikubaaqudgha
Trog


Message History

Deactivating autopickup; reactivate with Ctrl-A.
The adder bites you.
Drink which item? (? for menu, Esc to quit)
You feel very mighty all of a sudden. The adder bites you but does no damage.
You slash the adder!
You kill the adder!
The orc wizard casts a spell at you. The puff of flame hits you!
A puff of flame appears from out of thin air!
The puff of flame hits you!
* * * LOW HITPOINT WARNING * * *
You miss something. You block the orc warrior's attack. Something hits you.
* * * LOW HITPOINT WARNING * * *
The orc wizard gestures wildly while chanting.
The orc wizard flickers and vanishes!
You barely miss something.
The orc warrior hits you from afar with a halberd of venom!!
Ouch! That really hurt!
You die...

# #. ##. #.#
#.. #[.# #.#
#.o##.#
###{o..## #>#
#....{@†# #.#
#(......###.#
..........##.#
#########.##.#
#..#.# ##.#.#
####...###
#.(......# #
#........## .#


You could see an orc warrior and an orc.

Vanquished Creatures
  2 adders
  6 giant geckos
  7 bats
  3 giant cockroaches (D:1)
  2 goblins
  4 hobgoblins (D:2)
  3 jackals (D:1)
  3 ball pythons (D:1)
  4 giant newts (D:1)
  7 kobolds
  4 rats
45 creatures vanquished.

Notes
Turn   | Place    | Note
--------------------------------------------------------------
     0 | D:1      | Grim the High Elf Fighter began the quest for the Orb.
     0 | D:1      | Reached XP level 1. HP: 16/16 MP: 2/2
   827 | D:1      | Reached XP level 2. HP: 21/21 MP: 3/3
  1387 | D:1      | Reached skill level 4 in Long Blades
  1553 | D:2      | Reached XP level 3. HP: 26/26 MP: 4/4
  1965 | D:2      | Found an ancient bone altar of Kikubaaqudgha.
  1967 | D:2      | Found a blossoming altar of Fedhas.
  2177 | D:2      | Found a bloodstained altar of Trog.
  2401 | D:3      | Reached skill level 5 in Long Blades
  2464 | D:3      | Noticed an orc warrior
  2471 | D:3      | Demolished by an orc warrior

Vault maps used:
D:1:      moated_graveyard_arrival
D:2:      grunt_temple_overflow_growth_and_decay, nicolae_overflow_hidden_temple
D:3:      cheibriados_altar_wand_db, makhleb_heckhound_becter

Action                   || total
-------------------------++-------
Melee: Long sword        ||   144
  Use: Potion            ||     1
  Eat: Chunk             ||     5
